 Dungeon Crawl Stone Soup version 0.26-a0-1126-g3318b609a0 (webtiles) character file.

Game seed: 14863669088176170543

75 pablito the Insei (level 4, -4/28 HPs)
             Began as an Octopode Transmuter on Dec 17, 2020.
             Slain by Sigmund
             ... wielding a cursed -1 scythe
              (13 damage)
             ... on level 2 of the Dungeon.
             The game lasted 00:03:22 (1594 turns).

pablito the Insei (Octopode Transmuter)             Turns: 1594, Time: 00:03:23

Health: -4/28      AC:  1    Str:  9    XL:     4   Next: 31%
Magic:  8/8        EV: 13    Int: 16    God:
Gold:   38         SH:  3    Dex: 12    Spells: 4/8 levels left

rFire    . . .     SeeInvis .     - Unarmed
rCold    . . .     Faith    .   d - +0 buckler
rNeg     . . .     Spirit   .   (helmet currently unavailable)
rPois    .         Reflect  .   (no amulet)
rElec    .         Harm     .   (no ring)
rCorr    .         Rampage  .   (no ring)
Will     .....                  (no ring)
Stlth    ++........             (no ring)
HPRegen  0.09/turn              (no ring)
MPRegen  0.11/turn              (no ring)
                                (no ring)
                                (no ring)

@: appendages (expiring)
A: almost no armour, stealthy swim, amphibious, 8 rings, constrict 8, tentacle
spike 3, camouflage 1, gelatinous body 1
a: End Transformation


You were on level 2 of the Dungeon.
One of your tentacles had a temporary spike.
You visited 1 branch of the dungeon, and saw 2 of its levels.

You collected 38 gold pieces.

Inventory:

Armour
 d - a +0 buckler (worn)
Scrolls
 a - a scroll of remove curse {unknown}
 b - 2 scrolls of enchant armour {unknown}
 c - a scroll of fog {unknown}
Potions
 e - a potion of curing {unknown}


   Skills:
 - Level 1.0 Fighting
 - Level 2.0 Dodging
 + Level 0.9 Shields
 + Level 3.6 Unarmed Combat
 + Level 2.8 Spellcasting
 + Level 2.9 Transmutations


You had 4 spell levels left.
You knew the following spells:

 Your Spells              Type           Power        Failure   Level
a - Beastly Appendage     Tmut           22%          9%          1
b - Spider Form           Tmut/Pois      3%           43%         3

Your spell library contained the following spells:

 Spells                   Type           Power        Failure   Level
 Wereblood                Tmut           11%          13%         2
 Ice Form                 Ice/Tmut       6%           83%         4
 Blade Hands              Tmut           5%           93%         5


Dungeon Overview and Level Annotations

Branches:
Dungeon (2/15)

Altars:

Annotations:
D:2 Sigmund


Innate Abilities, Weirdness & Mutations

You cannot wear most types of armour.
You are very stealthy in the water. (Stealth+)
You are amphibious.
You can wear up to eight rings at the same time.
You can use your tentacles to constrict eight enemies at once.
Your skin changes colour to match your surroundings (Stealth+).
Your rubbery body absorbs attacks. (AC +1, EV +1)
One of your tentacles bears a large vicious spike.


Message History

Deactivating autopickup; reactivate with Ctrl-A.
You barely miss something. Something barely misses you.
You tentacle-slap something.
Your tentacle spike misses something.
Something hits you.
You barely miss something. Your squeeze misses something.
You closely miss something. Your squeeze misses something.
You hear some strange, mumbled words.
Something tries to affect you, but you resist.
You miss something.
Your tentacle spike misses something.
Your transformation is almost over.
Something hits you!
You tentacle-slap something but do no damage.
You miss something. Something barely misses you.
You completely miss something. You squeeze something.
You block something's attack.
You miss something. You squeeze something. You miss something.
Your tentacle spike misses something.
You squeeze something. Something hits you.
You completely miss something.
You pierce something.
Something hits you!
You die...

#†).............
#÷..............
#...............
#...............
######......†........
#....................
#.####...............
#.######.............
#.#.@{.#.......####..
#.#.##.#.....#.# .
#.#..# #.....#..
#.##.# #.###.###.
#....# #. #. ######


There were no monsters in sight!

Vanquished Creatures
  Jessica (D:2)
  An adder (D:2)
  A worm (D:2)
  3 leopard geckos
  2 bats (D:1)
  2 giant cockroaches (D:1)
  4 goblins (D:1)
  5 hobgoblins
  2 jackals (D:1)
  6 kobolds
  2 frilled lizards
  4 rats (D:1)
33 creatures vanquished.

Notes
Turn   | Place    | Note
-------+----------+-------------------------------------------
     0 | D:1      | pablito the Octopode Transmuter began the quest for the
                  | Orb.
     0 | D:1      | Reached XP level 1. HP: 13/13 MP: 3/3
   178 | D:1      | Reached XP level 2. HP: 11/18 MP: 3/5
   532 | D:1      | Reached XP level 3. HP: 22/23 MP: 4/6
   536 | D:1      | Learned a level 3 spell: Spider Form
  1309 | D:2      | Noticed Jessica
  1316 | D:2      | Killed Jessica
  1317 | D:2      | Reached XP level 4. HP: 26/28 MP: 5/8
  1579 | D:2      | Noticed Sigmund
  1594 | D:2      | Slain by Sigmund

Illustrated notes

Levels and vault maps discovered:
D:1:      eino_arrival_druids_welcome, layout_loops_corners, minivault_19
D:2:      layout_rooms, patterned_corridor, uniq_sigmund, uniq_jessica

Action                   |  1- 3 |  4- 6 || total
-------------------------+-------+-------++-------
Melee: Unarmed           |    63 |    26 ||    89
       Constrict         |    22 |     5 ||    27
       Kick              |    13 |     5 ||    18
       Tentacles         |    10 |     7 ||    17
       Punch             |     1 |       ||     1
 Cast: Beastly Appendage |    20 |     3 ||    23
 Stab: Sleeping          |     1 |       ||     1
Armor: Skin              |     8 |       ||     8
Dodge: Dodged            |    45 |    10 ||    55
Block: Buckler           |     2 |     4 ||     6

Table legend: (Time is in decaauts)
 A = Elapsed time spent in this place.
 B = Non-inter-level travel time spent in this place.
 C = Inter-level travel time spent in this place.
 D = Time resting spent in this place.
 E = Time spent auto-exploring this place.
 F = Levels seen in this place.
 G = Mean time per level.
                   A        B        C        D        E       F      G
               +--------+--------+--------+--------+--------+-----+--------+
         Total |   1590 |   1457 |    133 |      0 |   1212 |   2 |  795.0 |
       Dungeon |   1590 |   1457 |    133 |      0 |   1212 |   2 |  795.0 |
               +--------+--------+--------+--------+--------+-----+--------+

Top non-repeatable levels by time:
     D:1: 1358 daAuts
     D:2: 232 daAuts
